Map: Odyssey LE

Players

Lambo - Winner!

  • Race: Zerg Zerg
  • Spawn Location: 5:00

Arnovic

  • Race: Protoss Protoss
  • Spawn Location: 11:00

Event: WCS Valencia 2017

VOD

Have the link to the VOD?

Description

Time

  • Played on: July 13, 2017, 6:51 a.m.
  • Length: 6:17

All games in this series

Show
View Real Time Build Order
Export as new Build Order

Lambo Zerg - Winner!

Build Orders: Hatch First 

Get SALT Encoding   

  12  0:00  Drone  
  13  0:13  Overlord  
  14  0:21  Drone  
  14  0:34  Drone x2  
  16  0:38  Drone  
  17  0:52  Hatchery  
  17  0:55  Drone  
  17  0:58  Drone  
  18  1:08  Extractor  
  17  1:13  Spawning Pool  
  17  1:16  Drone  
  17  1:20  Drone  
  18  1:30  Drone  
  19  1:44  Overlord  
  19  1:53  Drone  
  20  2:00  Queen  
  22  2:04  Queen  
  22  2:05  Zergling x4  
  26  2:09  Metabolic Boost  
  26  2:12  Drone  
  26  2:15  Drone  
  28  2:23  Drone  
  28  2:26  Drone  
  30  2:41  Hatchery, Drone  
  30  2:47  Pneumatized Carapace  
  30  2:50  Drone  
  31  2:57  Drone  
  32  2:59  Overlord  
  32  3:03  Drone  
  33  3:07  Drone  
  33  3:10  Drone  
  33  3:11  Drone  
  36  3:19  Drone x2  
  38  3:20  Queen, Drone  
  38  3:24  Overlord  
  41  3:27  Drone  
  41  3:30  Drone  
  41  3:34  Drone  
  44  3:39  Spore Crawler  
  43  3:41  Evolution Chamber, Drone, Spore Crawler  
  43  3:42  Drone  
  43  3:47  Drone x3  
  46  3:50  Drone  
  47  3:57  Queen  
  49  4:03  Drone x2  
  49  4:04  Drone  
  49  4:08  Zerg Melee Weapons Level 1  
  52  4:11  Overlord  
  52  4:12  Drone x3  
  55  4:18  Overlord  
  55  4:23  Zergling x2  
  55  4:24  Zergling x4  
  58  4:31  Zergling x10  
  61  4:34  Zergling x4  
  64  4:39  Spore Crawler  
  64  4:40  Queen  
  64  4:43  Drone  
  66  4:48  Zergling x8  
  68  4:53  Zergling x2  
  68  4:58  Drone  
  68  4:59  Drone  
  71  5:01  Overlord  
  71  5:02  Lair  
  71  5:05  Extractor  
  71  5:06  Baneling Nest, Overlord  
  69  5:08  Overlord  
  69  5:09  Drone  
  69  5:10  Drone  
  69  5:12  Overlord  
  71  5:16  Drone  
  71  5:17  Drone  
  73  5:22  Overlord  
  73  5:33  Drone x5  
  75  5:36  Overlord  
  75  5:40  Drone x3  
  77  5:48  Overlord  
  74  5:50  Drone x2  
  74  5:51  Drone  
  74  5:53  Overlord  
  74  5:58  Extractor, Overlord  
  74  5:59  Extractor, Drone x4  
  76  6:04  Drone  
  76  6:05  Hatchery  
  75  6:14  Extractor, Hydralisk Den  
  75  6:15  Extractor  
Show
View Real Time Build Order
Export as new Build Order

Arnovic Protoss 

Build Orders: 1 Gate Expand, Oracle Opening 

Get SALT Encoding   

  12  0:00  Probe (Chrono Boost)  
  13  0:11  Probe (Chrono Boost)  
  14  0:20  Pylon  
  14  0:22  Probe (Chrono Boost)  
  15  0:38  Probe (Chrono Boost)  
  15  0:40  Gateway  
  16  0:49  Probe (Chrono Boost)  
  17  0:50  Assimilator  
  17  0:59  Probe (Chrono Boost)  
  18  1:10  Probe (Chrono Boost)  
  19  1:20  Probe (Chrono Boost)  
  19  1:24  Nexus  
  20  1:35  Cybernetics Core  
  20  1:38  Probe (Chrono Boost)  
  21  1:49  Probe (Chrono Boost), Assimilator  
  22  1:58  Pylon  
  22  1:59  Probe (Chrono Boost)  
  23  2:12  Warp Gate  
  23  2:16  Probe, Adept (Chrono Boost)  
  26  2:28  Probe  
  27  2:36  Probe  
  27  2:39  Stargate  
  27  2:40  Probe  
  29  2:46  Probe  
  30  2:51  Gateway  
  30  2:52  Probe  
  30  2:57  Probe  
  31  3:02  Gateway  
  31  3:04  Probe (Chrono Boost)  
  33  3:08  Probe (Chrono Boost)  
  34  3:16  Probe (Chrono Boost)  
  34  3:18  Adept  
  34  3:19  Probe (Chrono Boost)  
  38  3:26  Oracle (Chrono Boost)  
  41  3:27  Probe  
  41  3:28  Probe  
  41  3:29  Pylon  
  43  3:39  Probe x2  
  45  3:50  Probe  
  45  3:51  Probe  
  45  3:52  Pylon  
  47  4:00  Probe, Oracle (Chrono Boost)  
  51  4:03  Probe  
  52  4:11  Probe  
  52  4:15  Probe  
  52  4:16  Adept x3  
  60  4:19  Nexus  
  60  4:21  Probe  
  60  4:22  Pylon  
  61  4:27  Probe  
  61  4:29  Assimilator  
  61  4:31  Assimilator  
  61  4:32  Probe  
  62  4:38  Pylon  
  62  4:41  Probe, Phoenix (Chrono Boost)  
  65  4:51  Probe  
  66  4:56  Robotics Facility  
  66  4:57  Pylon  
  66  4:58  Pylon  
  66  5:00  Forge  
  66  5:03  Probe  
  66  5:04  Twilight Council  
  67  5:07  Probe  
  68  5:20  Probe x2  
  69  5:28  Zealot x2  
  70  5:35  Probe  
  70  5:36  Gateway x2  
  70  5:38  Zealot  
  72  5:43  Probe  
  72  5:44  Probe  
  72  5:49  Probe  
  68  5:53  Zealot x2  
  67  6:01  Zealot  
  67  6:02  Probe x2  
  67  6:03  Probe  
Tags
 
Add a new tag
Caveats
  • Supply blocks, unpowered buildings, or Contaminate may cause inaccurate times.
  • Supply counts are checked every 10 seconds.